Map: Blueshift LE

Players

Hjax

  • Race: Protoss Protoss
  • Spawn Location: 1:00

TheWagon - Winner!

  • Race: Zerg Zerg
  • Spawn Location: 7:00

Event: WCS Montreal 2018

VOD

Have the link to the VOD?

Description

Time

  • Played on: Sept. 7, 2018, 12:59 p.m.
  • Length: 13:39

All games in this series

Show
View Real Time Build Order
Export as new Build Order

Hjax Protoss 

Build Orders: 1 Gate Expand, Oracle Opening, Phoenix Opening, Archon Immortal, Zealot Archon, Archon Drop 

Get SALT Encoding   

  12  0:01  Probe  
  13  0:13  Probe  
  14  0:20  Pylon  
  14  0:25  Probe  
  15  0:34  Probe  
  15  0:39  Gateway  
  16  0:43  Probe  
  16  0:44  Assimilator  
  17  0:54  Probe  
  18  1:06  Probe  
  19  1:18  Probe  
  20  1:25  Nexus  
  20  1:33  Cybernetics Core  
  20  1:36  Probe  
  21  1:41  Assimilator  
  21  1:48  Probe  
  21  1:51  Pylon  
  22  2:00  Adept, Probe  
  23  2:08  Probe  
  26  2:16  Probe  
  26  2:22  Adept, Stargate  
  27  2:27  Probe  
  30  2:37  Probe  
  30  2:41  Warp Gate  
  30  2:42  Probe  
  30  2:44  Adept  
  32  2:50  Probe  
  35  2:54  Probe  
  35  2:57  Gateway, Oracle  
  36  3:02  Probe  
  37  3:11  Probe  
  41  3:14  Probe  
  42  3:22  Adept  
  42  3:23  Probe  
  42  3:27  Shield Battery, Probe  
  44  3:32  Pylon  
  42  3:35  Probe  
  42  3:36  Assimilator  
  42  3:37  Phoenix  
  42  3:39  Probe  
  44  3:42  Assimilator  
  44  3:47  Probe  
  46  3:51  Probe  
  47  3:56  Oracle  
  47  3:59  Probe  
  51  4:03  Probe  
  52  4:12  Pylon x2, Probe  
  54  4:17  Probe  
  54  4:19  Robotics Facility  
  54  4:29  Twilight Council  
  54  4:30  Probe x2  
  56  4:42  Probe x2  
  58  4:46  Adept  
  58  4:47  Adept  
  58  4:50  Pylon  
  62  4:54  Probe  
  62  4:58  Gateway  
  62  4:59  Gateway  
  63  5:07  Warp Prism  
  63  5:10  Nexus  
  65  5:21  Templar Archives  
  65  5:27  Pylon  
  65  5:29  Pylon  
  65  5:39  Gateway  
  65  5:40  Gateway  
  65  5:45  Adept  
  65  5:46  Adept  
  61  5:57  Charge  
  61  6:00  Nexus  
  61  6:05  Gateway  
  61  6:06  Gateway  
  61  6:07  Psionic Storm  
  61  6:08  High Templar x4  
  69  6:11  Archon  
  69  6:12  Archon  
  69  6:15  Pylon  
  69  6:17  Pylon  
  69  6:36  Zealot x2  
  73  6:43  Zealot x4  
  79  6:50  Probe  
  72  6:58  Probe  
  72  7:00  High Templar x2  
  73  7:05  High Templar x2, Immortal, Zealot x2  
  73  7:06  Probe  
  73  7:07  Zealot  
  73  7:08  Zealot  
  86  7:09  Probe  
  86  7:12  Probe  
  90  7:17  Probe  
  90  7:18  Probe  
  92  7:24  Probe  
  93  7:30  Shield Battery  
  93  7:32  Shield Battery  
  95  7:38  Zealot x3  
  95  7:40  High Templar  
  95  7:41  High Templar  
  103  7:45  Archon  
  103  7:48  Immortal  
  103  7:53  Zealot x2  
  103  7:54  Probe x3, Zealot  
  116  8:06  Assimilator, Probe x3  
  116  8:10  Assimilator  
  119  8:14  Robotics Facility  
  119  8:18  Probe x3  
  119  8:19  Forge  
  122  8:28  High Templar  
  122  8:30  Probe  
  122  8:32  Pylon  
  125  8:36  Pylon  
  125  8:41  Probe  
  125  8:43  Immortal  
  124  8:48  Pylon, Protoss Ground Weapons Level 1  
  124  8:50  Oracle  
  124  8:52  High Templar  
  129  8:56  Archon  
  129  8:57  Probe  
  130  9:04  Zealot x4  
  130  9:05  Zealot  
  130  9:07  Pylon  
  140  9:10  Immortal  
  140  9:11  Pylon  
  144  9:18  High Templar x2, Pylon  
  144  9:19  Pylon  
  144  9:22  Archon  
  148  9:37  Zealot  
  148  9:38  Zealot x3  
  156  9:40  High Templar x2  
  160  9:48  Archon  
  160  9:55  Immortal, Oracle  
  167  10:04  Observer  
  160  10:23  Zealot  
  160  10:24  Zealot x7  
  160  10:25  Immortal  
  178  10:34  Immortal  
  170  10:45  High Templar x2  
  170  10:48  Zealot  
  170  10:49  Zealot x4  
  180  10:53  Pylon  
  170  11:05  Immortal  
  170  11:06  Protoss Ground Weapons Level 2  
  170  11:08  Nexus  
  170  11:09  Pylon  
  173  11:14  Immortal  
  161  11:25  Fleet Beacon  
  161  11:40  Zealot  
  161  11:41  Zealot x7  
  161  11:44  Immortal  
  181  11:54  Observer  
  182  12:03  Zealot  
  182  12:04  Zealot x6  
  196  12:09  Warp Prism  
  196  12:14  Immortal  
  168  12:21  Zealot  
  142  12:27  High Templar  
  142  12:28  High Templar x5  
  132  12:41  Immortal  
  118  12:50  Assimilator  
  122  12:52  High Templar, Immortal  
  122  12:53  High Templar  
  122  12:55  Assimilator  
  130  12:59  Photon Cannon x2  
  130  13:00  Shield Battery  
  130  13:07  Zealot x6  
  107  13:29  Zealot x8  
Show
View Real Time Build Order
Export as new Build Order

TheWagon Zerg - Winner!

Build Orders: Hatch First, Lurkers 

Get SALT Encoding   

  12  0:01  Drone  
  13  0:12  Overlord  
  13  0:17  Drone  
  14  0:31  Drone x2  
  14  0:35  Drone  
  17  0:52  Hatchery  
  16  0:58  Extractor, Drone  
  16  0:59  Drone  
  17  1:13  Spawning Pool  
  17  1:17  Drone  
  17  1:21  Drone  
  18  1:28  Drone  
  19  1:39  Drone  
  20  1:50  Drone  
  21  1:59  Metabolic Boost  
  21  2:04  Queen x2  
  21  2:05  Zergling x2  
  21  2:07  Zergling x2  
  27  2:13  Overlord  
  27  2:16  Drone  
  28  2:33  Drone x2  
  28  2:36  Drone x2  
  32  2:43  Hatchery  
  31  2:48  Queen  
  33  2:52  Zergling x2  
  33  2:53  Zergling x2  
  33  2:57  Overlord  
  35  3:01  Drone  
  34  3:21  Drone x5  
  34  3:22  Drone x2  
  34  3:27  Drone  
  41  3:31  Drone  
  42  3:36  Drone  
  43  3:43  Overlord  
  43  3:50  Spore Crawler x2  
  43  3:52  Drone x2  
  42  3:57  Extractor  
  42  3:58  Extractor, Drone x2  
  42  4:00  Drone  
  43  4:06  Overlord  
  43  4:07  Drone  
  43  4:09  Drone  
  45  4:11  Spore Crawler, Drone  
  45  4:15  Drone x2  
  45  4:16  Drone  
  48  4:20  Drone  
  49  4:33  Zergling x10  
  49  4:37  Lair  
  49  4:38  Drone x3  
  57  4:49  Overlord x2  
  57  4:50  Overlord  
  57  4:54  Evolution Chamber  
  56  5:03  Zergling x4  
  58  5:09  Zergling x18  
  58  5:10  Zergling x2  
  68  5:16  Overlord  
  68  5:17  Drone  
  68  5:18  Drone x3  
  71  5:21  Zerg Melee Weapons Level 1  
  71  5:27  Drone  
  71  5:28  Drone  
  73  5:37  Hydralisk Den  
  73  5:38  Drone x4  
  76  5:46  Drone x6  
  79  5:52  Drone  
  79  5:53  Drone x3  
  79  5:57  Drone x2  
  78  6:04  Extractor  
  75  6:05  Extractor  
  75  6:08  Muscular Augments, Evolution Chamber  
  75  6:09  Hydralisk x5  
  83  6:22  Hydralisk  
  83  6:23  Hydralisk x2  
  83  6:24  Overlord x2  
  83  6:25  Zergling x2  
  90  6:33  Extractor  
  89  6:44  Hydralisk x5  
  95  6:49  Hydralisk x3  
  95  6:50  Hydralisk  
  96  7:00  Zergling x8  
  96  7:01  Zergling x4  
  100  7:07  Overlord  
  100  7:08  Overlord  
  100  7:09  Hydralisk x2  
  100  7:12  Zergling x4  
  106  7:16  Zerg Melee Weapons Level 2  
  106  7:17  Zerg Missile Weapons Level 1  
  106  7:24  Baneling Nest  
  106  7:28  Grooved Spines  
  106  7:29  Drone x2  
  107  7:31  Overlord  
  107  7:32  Zergling x2  
  107  7:35  Hydralisk  
  107  7:36  Hydralisk x3  
  107  7:37  Hydralisk  
  116  7:43  Hatchery  
  117  7:59  Zergling x2  
  117  8:00  Zergling x14  
  117  8:04  Overlord  
  117  8:05  Lurker Den  
  124  8:10  Centrifical Hooks  
  124  8:13  Baneling  
  124  8:14  Baneling x7  
  124  8:15  Drone x3  
  124  8:16  Drone x3  
  130  8:20  Overlord  
  130  8:21  Overlord  
  130  8:26  Baneling x6  
  130  8:27  Baneling x2  
  130  8:28  Overlord x2  
  130  8:33  Drone x5  
  135  8:42  Drone x2  
  137  8:53  Overlord  
  137  8:54  Hydralisk x6  
  137  8:55  Hydralisk  
  151  8:58  Overlord  
  151  8:59  Zergling x6  
  151  9:00  Zergling x2  
  155  9:08  Queen  
  157  9:10  Extractor x2  
  155  9:19  Drone  
  155  9:20  Drone x4  
  159  9:24  Zergling x4  
  159  9:25  Zergling x2  
  159  9:26  Baneling  
  159  9:27  Hydralisk x6, Baneling x4  
  159  9:28  Hydralisk  
  170  9:36  Lurker  
  170  9:38  Lurker  
  171  9:39  Lurker x2  
  171  9:40  Lurker  
  174  9:47  Zerg Missile Weapons Level 2  
  174  9:50  Zergling x2  
  174  9:51  Zergling x22  
  186  9:55  Overseer  
  186  9:57  Overseer  
  186  10:00  Lurker  
  186  10:04  Zergling x8  
  180  10:28  Zergling x8  
  178  10:29  Zergling x12  
  178  10:31  Queen  
  178  10:35  Zergling x6  
  180  10:47  Baneling x4  
  180  10:49  Lurker x5  
  171  10:50  Lurker  
  171  11:01  Infestation Pit, Zergling x20  
  171  11:03  Baneling x9  
  171  11:04  Baneling  
  180  11:07  Overlord x4  
  169  11:18  Zergling x2  
  169  11:19  Zergling x6  
  169  11:24  Overseer  
  169  11:25  Queen  
  174  11:39  Hydralisk x5  
  178  11:40  Hydralisk x2  
  178  11:42  Zergling x8  
  192  11:49  Hatchery, Hive  
  192  11:52  Spire  
  190  11:54  Zergling x8  
  190  11:55  Zergling x8  
  196  12:10  Hydralisk x3  
  196  12:13  Zergling x8  
  163  12:26  Hydralisk  
  163  12:27  Hydralisk x3  
  158  12:30  Zergling x2  
  158  12:31  Zergling x14  
  158  12:34  Queen  
  159  12:38  Drone  
  159  12:39  Drone  
  159  12:43  Lurker x5  
  159  12:44  Lurker  
  164  12:47  Zergling x4  
  166  12:52  Hatchery  
  166  12:53  Overseer  
  166  12:55  Spine Crawler x2  
  166  12:56  Zergling x6  
  166  12:57  Zergling x2, Spine Crawler  
  166  13:00  Zergling x2  
  166  13:04  Baneling  
  166  13:05  Baneling x8, Zergling x4  
  168  13:06  Zergling x10  
  163  13:22  Zergling x6  
Tags
 
Add a new tag
Caveats
  • Supply blocks, unpowered buildings, or Contaminate may cause inaccurate times.
  • Supply counts are checked every 10 seconds.